Match 38719479
Unlisted

Match 38719479
End
Selects Armored Battlegroup
Selects Assault Engineers
Assault Engineer Squad
Assault Engineer Squad
Assault Engineer Squad
Construct Barracks
M1 Mortar Team
Riflemen Squad
Air Support Center
P-47 Strafing Run
Construct Tank Depot
Selects Strength in Steel
Selects Seek and Destroy
Selects UNKNOWN (2160077)
M4A3E8 Sherman Easy Eight
Grasshopper Recon Run
P-47 Dive Bomb
❖Yae Sakura❖
Shi
✙ Hito ✙
Shnezou
Slim
KoalaImpala
DaNnY
Tanith's Finest
0
0

Comments sign in to comment!

No comments posted yet!